 Dungeon Crawl Stone Soup version 0.29.0-15-g675c0067aa (webtiles) character file.

Game seed: 939061010547605464

155 Acheron the Conjurer (level 5, 0/46 HPs)
             Began as a Troll Conjurer on Sept 11, 2022.
             Succumbed to a scorpion's poison
             ... on level 6 of the Dungeon.
             The game lasted 00:10:42 (2489 turns).

Acheron the Conjurer (Troll Conjurer)               Turns: 2489, Time: 00:10:42

Health: 0/46       AC:  4    Str: 15    XL:     5   Next: 14%
Magic:  6/6        EV: 10    Int: 14    God:
Gold:   115        SH:  0    Dex: 10    Spells: 4/7 levels left

rFire   . . .      SeeInvis .     - Unarmed
rCold   . . .      Faith    .   (no shield)
rNeg    . . .      Spirit   .   a - +0 robe
rPois   .          Reflect  .   (helmet restricted)
rElec   .          Harm     .   (no cloak)
rCorr   .          Rampage  .   (gloves unavailable)
Will    .....                   (boots unavailable)
Stlth   +.........              (no amulet)
HPRegen 0.95/turn               (no ring)
MPRegen 0.10/turn               (no ring)

@: lethally poisoned (0 -> -11)
A: large, unfitting armour, claws 3, regeneration 1, shaggy fur 1, tough skin 1
a: no special abilities


You were on level 6 of the Dungeon.
You visited 1 branch of the dungeon, and saw 6 of its levels.

You collected 115 gold pieces.

Inventory:

Hand Weapons
 k - a +3 hand axe of freezing
Missiles
 l - 4 poisoned darts (quivered)
Armour
 a - a +0 robe (worn)
Jewellery
 f - a ring of fire
Scrolls
 d - 2 scrolls of immolation
 i - a scroll of silence {unknown}
 j - a scroll of vulnerability {unknown}
Potions
 b - a potion of magic
 g - a potion of lignification {unknown}
 h - a potion of might {unknown}


   Skills:
 * Level 0.7 Fighting
 * Level 0.1 Axes
 * Level 0.2 Throwing
 * Level 2.4 Dodging
 + Level 1.1 Stealth
 * Level 2.2 Unarmed Combat
 * Level 1.5 Spellcasting
 * Level 3.6 Conjurations


You had 4 spell levels left.
You knew the following spells:

 Your Spells              Type           Power      Damage    Failure   Level
a - Magic Dart            Conj           44%        1d5       6%          1
b - Searing Ray           Conj           22%        2d5       9%          2

Your spell library contained the following spells:

 Spells                   Type           Power      Damage    Failure   Level
 Dazzling Flash           Conj/Hex       12%        N/A       34%         3
 Fulminant Prism          Conj/Hex       3%         3d6       75%         4
 Iskenderun's Mystic Bla  Conj/Tloc      6%         2d4       75%         4
 Leda's Liquefaction      Hex/Erth       0%         N/A       94%         4
 Lee's Rapid Deconstruct  Erth           0%         3d5*      100%        5
 Starburst                Conj/Fire      3%         6d3       100%        6
 Statue Form              Tmut/Erth      0%         N/A       100%        6


Dungeon Overview and Level Annotations

Branches:
Dungeon (6/15)             Temple (0/1) D:4

Altars:
Kikubaaqudgha
Wu Jian

Annotations:
D:1 exclusion: downstairs
D:4 Dowan, Duvessa
D:5 exclusion: upstairs


Innate Abilities, Weirdness & Mutations

You are too large for most types of armour.
You have claws for hands.
Your natural rate of healing is unusually fast.
You are covered in fur. (AC +1)
You have tough skin. (AC +1)


Message History

The scorpion attacks as you move away!
The scorpion stings you but does no damage.
You feel very sick.
Unknown command.
Found a stone staircase leading down.
You feel very sick.
You feel very sick. The scorpion attacks as you move away!
The scorpion stings you.
* * * LOW HITPOINT WARNING * * *
You feel very sick.
Okay, then.
It was a potion of heal wounds.
You feel much better.
You feel sick.
The scorpion stings you but does no damage.
The scorpion stings you.
You scratch the scorpion.
The scorpion is moderately wounded.
You feel sick. The scorpion barely misses you.
You scratch the scorpion but do no damage.
The scorpion is moderately wounded.
You feel sick. The scorpion stings you.
You scratch the scorpion.
The scorpion is moderately wounded.
You feel sick. The scorpion stings you.
You scratch the scorpion.
The scorpion is severely wounded.
You feel sick. The scorpion barely misses you.
You scratch the scorpion.
The scorpion is severely wounded.
You feel sick. The scorpion stings you.
* * * LOW HITPOINT WARNING * * *
You are more poisoned.
The scorpion poisons you!
The white imp shouts, "Leave, thou foppish tardy-gaited fleecer!"
The scorpion stings you.
* * * LOW HITPOINT WARNING * * *
The scorpion attacks as you move away! The scorpion stings you.
* * * LOW HITPOINT WARNING * * *
You are more poisoned.
The scorpion poisons you!
You die...

#### .# .... ........
... +++###... ..#
.§...##.. ..##
§§≈≈.#..###...#
§§.≈.#.$#....
§_.≈.#.5##.##
.....#hss.@.###.
#######.s#####...
#........# #.....
.......s##...... ###
##......5........
#..###.......h........
....#<................
.............5........
..............##......


You could see a black bear, 3 scorpions and a white imp.

Vanquished Creatures
  A hound (D:5)
  An iguana (D:4)
  2 gnolls
  2 adders (D:3)
  A worm (D:2)
  3 dart slugs (D:1)
  2 orcs (D:3)
  5 bats
  5 endoplasms
  A giant cockroach (D:1)
  4 goblins
  7 hobgoblins
  3 jackals (D:1)
  A quokka (D:4)
  4 ball pythons
  A frilled lizard (D:1)
  4 kobolds
  3 rats
50 creatures vanquished.

Vanquished Creatures (others)
  9 plants
  A withered plant (D:1)
10 creatures vanquished.

Grand Total: 60 creatures vanquished

Notes
Turn   | Place    | Note
-------+----------+-------------------------------------------
     0 | D:1      | Acheron the Troll Conjurer began the quest for the Orb.
     0 | D:1      | Reached XP level 1. HP: 16/16 MP: 1/1
    93 | D:1      | Reached skill level 3 in Conjurations
   126 | D:1      | Reached XP level 2. HP: 24/24 MP: 0/2
   129 | D:1      | Learned a level 2 spell: Searing Ray
   216 | D:1      | Found a faded altar of an unknown god.
   530 | D:2      | Found an ancient bone altar of Kikubaaqudgha.
   753 | D:2      | Reached XP level 3. HP: 12/31 MP: 3/3
  1257 | D:1      | Reached skill level 1 in Unarmed Combat
  1792 | D:2      | Reached XP level 4. HP: 36/40 MP: 5/5
  2318 | D:5      | Entered Level 5 of the Dungeon
  2327 | D:4      | Found a staircase to the Ecumenical Temple.
  2327 | D:4      | Noticed Dowan
  2328 | D:4      | Noticed Duvessa
  2335 | D:5      | Reached XP level 5. HP: 46/46 MP: 6/6
  2389 | D:5      | Noticed an ogre
  2420 | D:5      | Noticed an ogre
  2452 | D:6      | Noticed a black bear
  2475 | D:6      | Found an ornate altar of the Wu Jian Council.
  2489 | D:6      | Succumbed to a scorpion's poison

Illustrated notes

Levels and vault maps discovered:
D:1:      roderic_chinese_lattice_arrival, layout_basic,
          shapermc_ecumenical_altar_gd
D:2:      layout_loops_ring, basic_altar, grunt_ministairs_10,
          guppyfry_early_lair_pool
D:3:      layout_rooms, mainiacjoe_overflow_paths
D:4:      layout_gridville, mainiacjoe_overflow_six_doors_small,
          minmay_temple_entry_glass, serial_forest,
          infiniplex_forest_clump_cross, infiniplex_forest_clump_long,
          infiniplex_forest_straight_4, infiniplex_forest_straight_1,
          infiniplex_forest_lined_room_, infiniplex_forest_clump_curved,
          infiniplex_forest_lined_2, infiniplex_forest_clump_double,
          infiniplex_forest_clump_small, infiniplex_forest_clump_curved,
          uniq_duvessa
D:5:      layout_loops_ring, gammafunk_temple_overflow_elements,
          hangedman_decor_push, roderic_serpentine_path
D:6:      layout_cave_pools, mainiacjoe_overflow_alcove_4,
          grunt_temple_overflow_open, nicolae_titane

Skill      XL: |  1  2  3  4 |
---------------+-------------+-----
Conjurations   | 3 |  3.6
Dodging        | 2 |  2.4
Unarmed Combat | 1 2 |  2.2
Fighting       | |  0.7
Axes           | |  0.1
Throwing       | |  0.2
Stealth        | |  1.1
Spellcasting   | |  1.5

Action                   |  1- 3 |  4- 6 || total
-------------------------+-------+-------++-------
Melee: Unarmed           |   113 |    55 ||   168
       Punch             |     1 |     2 ||     3
 Cast: Magic Dart        |    16 |       ||    16
       Searing Ray       |     1 |       ||     1
  Use: Scroll            |     3 |     2 ||     5
       Potion            |       |     1 ||     1
Armor: Robe              |    42 |    26 ||    68
Dodge: Dodged            |    66 |    34 ||   100
